 Dungeon Crawl Stone Soup version 0.32-a0-876-gcfddb08e57 (webtiles) character file.

Game seed: 11241089388654280053

14495 Autsider the Thaumaturge (level 12, -13/115 HPs)
             Began as an Oni Hedge Wizard on Apr 2, 2024.
             Was a Priest of Vehumet.
             Mangled by a wolf spider (18 damage)
             ... on level 1 of the Lair of Beasts.
             The game lasted 01:17:33 (16916 turns).

Autsider the Thaumaturge (Oni Hedge Wizard)        Turns: 16916, Time: 01:17:34

Health: -13/115    AC:  3    Str: 17    XL:     12   Next: 17%
Magic:  18/26      EV:  9    Int: 19    God:    Vehumet [***...]
Gold:   550        SH:  0    Dex:  8    Spells: 10/32 levels left

rFire   . . .        q - +1 giant club (venom)
rCold   . . .        (shield currently unavailable)
rNeg    + . .        (body armour restricted)
rPois   +            c - +1 hat
rElec   .            P - +0 cloak
rCorr   .            (gloves unavailable)
SInv    .            (boots unavailable)
Will    +....        D - amulet of regeneration
Stlth   +            C - ring of positive energy
HPRegen 1.19/turn    H - ring of poison resistance
MPRegen 0.20/turn

%: no passive effects
@: on blink cooldown
A: large, unfitting armour, horns 1, tough skin 1, double potion healing,
drunken brawling
a: Renounce Religion


You were on level 1 of the Lair of Beasts.
You worshipped Vehumet.
Vehumet was most pleased with you.
You visited 3 branches of the dungeon, and saw 13 of its levels.
You also visited: Sewer.

You collected 1208 gold pieces.
You spent 658 gold pieces at shops.

Inventory:

Hand Weapons
 i - a +0 club
 q - a +1 giant club of venom (weapon)
 w - a +0 giant spiked club
Missiles
 s - a throwing net
Armour
 c - a +1 hat (worn)
 n - a scarf of shadows
 A - an orb of light
 P - a +0 cloak (worn)
Magical Staves
 k - a staff of cold {!a}
 E - a staff of conjuration {!a}
 J - a staff of fire {!a}
Jewellery
 a - a ring of flight
 b - a ring of ice
 y - an amulet of guardian spirit
 C - a ring of positive energy (left hand)
 D - an amulet of regeneration (around neck)
 H - a ring of poison resistance (right hand)
 N - a ring of resist corrosion
 O - a ring of ice
 R - a ring of ice
Wands
 p - a wand of paralysis (24)
 F - a wand of iceblast (20)
Scrolls
 g - 2 scrolls of immolation
 j - 2 scrolls of amnesia
 l - 4 scrolls of identify
 o - 3 scrolls of teleportation
 r - 3 scrolls of enchant weapon
 u - a scroll of enchant armour
 v - a scroll of fear
 z - 4 scrolls of fog
 B - 2 scrolls of vulnerability
 Q - a scroll of blinking {unknown}
Potions
 d - 2 potions of magic
 e - a potion of curing
 f - 3 potions of attraction
 h - 2 potions of lignification
 m - 3 potions of resistance
 t - 2 potions of haste
 x - a potion of might
 G - 2 potions of berserk rage
 I - a potion of ambrosia
 K - a potion of brilliance {unknown}
 L - a potion of heal wounds
 M - a potion of invisibility


   Skills:
 + Level 6.6 Fighting
 + Level 5.7 Maces & Flails
 + Level 5.4 Dodging
 - Level 1.4 Stealth
 + Level 10.9 Spellcasting
 + Level 9.7 Conjurations
 - Level 4.0 Summonings
 - Level 2.0 Translocations
 - Level 4.0 Ice Magic
 + Level 4.8 Air Magic
 + Level 3.2 Alchemy


You had 10 spell levels left.
You knew the following spells:

 Your Spells              Type           Power      Damage    Failure   Level
a - Magic Dart            Conj           100%       1d8       1%          1
b - Searing Ray           Conj           94%        2d7       1%          2
c - Fulminant Prism       Conj/Alch      17%        3d11      1%          4
d - Inner Flame           Hex/Fire       10%        N/A       5%          3
e - Freezing Cloud        Conj/Ice/Air   16%        6-21      4%          5
w - Mephitic Cloud        Conj/Alch/Air  32%        N/A       1%          3
z - Blink                 Tloc           34%        N/A       4%          2
A - Call Imp              Summ           50%        N/A       1%          2

Your spell library contained the following spells:

 Spells                   Type           Power      Damage    Failure   Level
 Mercury Vapours          Alch/Air       50%        N/A       1%          2
 Dazzling Flash           Conj/Hex       56%        N/A       1%          3
 Cigotuvi's Dreadful Rot  Necr/Alch/Air  40%        N/A       3%          2
 Ensorcelled Hibernation  Hex/Ice        34%        N/A       4%          2
 Necrotise                Necr           40%        1d6       7%          1
 Slow                     Hex            40%        N/A       7%          1
 Confusing Touch          Hex            10%        N/A       21%         3
 Fugue of the Fallen      Necr           10%        N/A       21%         3
 Vampiric Draining        Necr           10%        2d6       21%         3
 Martyr's Knell           Necr/Summ      17%        N/A       30%         4
 Starburst                Conj/Fire      14%        6d6       32%         6
 Anguish                  Hex/Necr       5%         N/A       56%         4
 Curse of Agony           Necr           10%        N/A       88%         5
 Maxwell's Capacitive Co  Air            14%        ∞         100%        8


Dungeon Overview and Level Annotations

Branches:
Dungeon (11/15)            Temple (1/1) D:7            Lair (1/5) D:10
  Sewer (visited)
    Orc: D:9-12

Altars:
Ashenzari
Cheibriados
Dithmenos
Elyvilon
Fedhas
Gozag
Hepliaklqana
Kikubaaqudgha
Makhleb
Nemelex Xobeh
Okawaru
Qazlal
Ru
Sif Muna
Trog
Uskayaw
Vehumet
Wu Jian
Xom
Yredelemnul
Zin
The Shining One

Shops:
D:2 (   D:3 !   D:4 (

Annotations:
D:2 exclusion: 2 downstairs
D:4 exclusion: 2 downstairs
D:5 exclusion: downstairs
D:7 3 runed translucent doors, exclusion: downstairs, DEFE's ghost, novice CoFi
D:10 exclusion: upstairs


Innate Abilities, Weirdness & Mutations

You are too large for most types of armour.
You have a pair of small horns on your head.
You have tough skin. (AC +1)
You gain doubled healing and magic from potions.
Whenever you drink a healing potion, you attack all around you.


Message History

Aim: a wolf spider (translocational energy, chance to affect: 48%)
The ball explodes into a vile cloud!
The stinking cloud engulfs the wolf spider.
You feel very sick.
You hear an angry buzzing noise. x3
The wolf spider hits you!
* * * LOW HITPOINT WARNING * * *
The wolf spider bites you.
* * * LOW HITPOINT WARNING * * *
You take a swig of the potion and twirl your +1 giant club of venom.
You closely miss the wolf spider. You headbutt the wolf spider.
The wolf spider is lightly wounded.
You savour every drop.
You feel better. The wolf spider hits you!
* * * LOW HITPOINT WARNING * * *
The wolf spider closely misses you.
Casting: Mephitic Cloud (safe; 1% risk of failure)
Confirm with . or Enter, or press ? or * to list all spells.
Aiming: Searing Ray (safe; 1% risk of failure)
Press: ? - help, Shift-Dir - straight line, f/p - wolf spider
Aim: a wolf spider (82% to hit)
The searing ray misses the wolf spider. (Press . to maintain the ray.)
The wolf spider closely misses you. The wolf spider bites you.
* * * LOW HITPOINT WARNING * * *
The wolf spider hits you.
* * * LOW HITPOINT WARNING * * *
The wolf spider barely misses you.
The searing ray hits the wolf spider.
The wolf spider is lightly wounded.
The wolf spider hits you.
* * * LOW HITPOINT WARNING * * *
The wolf spider barely misses you.
The searing ray hits the wolf spider.
The wolf spider is moderately wounded.
The wolf spider hits you!
* * * LOW HITPOINT WARNING * * *
The wolf spider bites you!
* * * LOW HITPOINT WARNING * * *
The wolf spider hits you!!
You die...

#.#.....##...###
#..
##.......#......
##..
#............#
....
##.......##..#
..#.. ##.....##
.# #.#.. #.....#
# >... ##....#
##.. #....# ###
#@s§## # #..†# #
#.§☼°.#
#...#....
#..........
#...#......
#..........
#..........
#.... ....


You could see a wolf spider.

Vanquished Creatures
  A tengu warrior (D:11)
  A two-headed ogre (D:8)
  Amaemon (Lair:1)
  Pikel (D:7)
  A wolf spider (Lair:1)
  A manticore (D:9)
  A cane toad (Lair:1)
  An orange demon (Lair:1)
  Maggie (D:6)
  2 kobold demonologists (D:11)
  Psyche (D:8)
  A tengu conjurer (D:11)
  A troll (D:10)
  A hornet (D:10)
  A polar bear (Lair:1)
  5 blink frogs
  2 shadows
  A vampire (D:9)
  12 yaks
  2 wyverns
  A basilisk (Lair:1)
  2 vampire mosquitoes (D:11)
  Menkaure (D:6)
  2 water moccasins
  An acid dragon (D:10)
  An ice beast (D:6)
  A sky beast (D:6)
  3 orc warriors
  5 wolves (Lair:1)
  5 centaurs
  2 crocodiles (Sewer)
  4 ogres
  A lemure (D:7)
  2 phantoms (D:5)
  4 kobold brigands
  12 bullfrogs
  2 gnoll sergeants
  4 scorpions (D:5)
  5 crimson imps (D:8)
  2 hounds
  6 orc priests
  A gnoll bouda (D:8)
  11 orc wizards
  2 sleepcaps
  2 iguanas
  2 hell rats (D:10)
  8 adders
  13 gnolls
  5 river rats
  5 white imps
  2 dart slugs (D:2)
  27 orcs
  6 bats
  6 endoplasms
  5 giant cockroaches
  3 hobgoblins
  A jackal (Sewer)
  24 kobolds
  2 quokkas
  3 training dummies (D:4)
  11 ball pythons
  7 frilled lizards
  2 goblins
  A goblin zombie (D:5)
  7 rats
260 creatures vanquished.

Vanquished Creatures (collateral kills)
  An ogre (D:5)
  A bullfrog (D:7)
  A crimson imp (D:8)
  A jelly (D:7)
  An orc priest (D:4)
  An iguana (D:5)
  2 orc wizards
  2 gnolls
  An adder (D:6)
  A river rat (Sewer)
  A ribbon worm (D:2)
  A dart slug (D:2)
  3 orcs
  A goblin (D:1)
  A hobgoblin (D:4)
  4 quokkas
  A quokka zombie (D:5)
24 creatures vanquished.

Vanquished Creatures (others)
  A crimson imp (D:8)
  A gnoll bouda (D:5)
  2 fulminant prisms (Lair:1)
4 creatures vanquished.

Grand Total: 288 creatures vanquished

Notes
Turn   | Place    | Note
-------+----------+-------------------------------------------
     0 | D:1      | Autsider the Oni Hedge Wizard began the quest for the Orb.
     0 | D:1      | Reached XP level 1. HP: 16/16 MP: 5/5
   164 | D:1      | Reached skill level 1 in Conjurations
   164 | D:1      | Reached skill level 1 in Summonings
   301 | D:2      | Reached XP level 2. HP: 15/24 MP: 0/6
   304 | D:2      | Learned a level 2 spell: Call Imp
   718 | D:1      | Reached skill level 4 in Spellcasting
  1118 | D:1      | Reached XP level 3. HP: 31/31 MP: 5/8
  1121 | D:1      | Learned a level 2 spell: Blink
  1821 | D:2      | Reached skill level 1 in Translocations
  1891 | D:2      | Found Kyont's Weapon Boutique.
  2512 | D:2      | Reached XP level 4. HP: 39/39 MP: 3/10
  2572 | D:2      | Learned a level 3 spell: Mephitic Cloud
  3101 | D:3      | Found Nommeg's Distillery.
  3617 | D:4      | Identified the +1 robe of the Game of Kings {rN+ Str-4
                  | Stlth+}
  3637 | D:4      | Found a blossoming altar of Fedhas.
  3641 | D:4      | Noticed an ogre
  4161 | D:4      | Reached XP level 5. HP: 45/45 MP: 6/11
  4182 | D:5      | Entered Level 5 of the Dungeon
  4345 | D:5      | Reached skill level 1 in Alchemy
  4378 | D:5      | Noticed an ogre
  4525 | D:4      | Reached skill level 1 in Air Magic
  4767 | D:4      | Killed an ogre
  4768 | D:4      | Reached skill level 5 in Spellcasting
  4768 | D:4      | Reached XP level 6. HP: 26/53 MP: 5/13
  4934 | D:4      | Found Uzuoto's Firing Range.
  5376 | D:5      | Noticed a gargoyle
  5763 | D:5      | Reached XP level 7. HP: 31/59 MP: 1/14
  6748 | D:5      | Reached XP level 8. HP: 67/67 MP: 5/15
  6982 | D:5      | Learned a level 2 spell: Searing Ray
  6987 | D:5      | Reached skill level 1 in Fighting
  7165 | D:5      | Reached skill level 1 in Maces & Flails
  7664 | D:6      | Identified a scroll of acquirement
  7664 | D:6      | Acquired 701 gold pieces
  7702 | D:6      | Noticed Maggie
  7714 | D:6      | Killed Maggie
  7715 | D:6      | Reached skill level 6 in Spellcasting
  7825 | D:6      | Reached XP level 9. HP: 76/84 MP: 3/18
  7985 | D:6      | Noticed Menkaure
  8002 | D:6      | Killed Menkaure
  8250 | D:6      | Found a glowing drain.
  8255 | Sewer    | Entered a sewer
  8707 | Sewer    | Reached skill level 7 in Spellcasting
  8707 | Sewer    | Reached skill level 5 in Conjurations
  9771 | D:7      | Found a runed translucent gate.
  9772 | D:7      | Found a runed translucent gate.
  9773 | D:7      | Found a runed translucent gate.
  9774 | D:7      | Found an opulent altar of Gozag.
  9774 | D:7      | Noticed a cyclops
  9775 | D:7      | Noticed a komodo dragon
  9775 | D:7      | Noticed DEFE's ghost (novice CoFi)
 10173 | D:7      | Noticed Pikel
 10203 | D:7      | Killed Pikel
 10204 | D:7      | Reached skill level 8 in Spellcasting
 10595 | D:7      | Reached XP level 10. HP: 87/92 MP: 17/22
 10691 | D:7      | Found a staircase to the Ecumenical Temple.
 10700 | Temple   | Entered the Ecumenical Temple
 10714 | Temple   | Became a worshipper of Vehumet
 10821 | D:8      | Noticed a two-headed ogre
 10823 | D:8      | Reached skill level 1 in Ice Magic
 11152 | D:8      | Found a sparkling altar of Nemelex Xobeh.
 11179 | D:8      | Killed a two-headed ogre
 11180 | D:8      | Reached skill level 9 in Spellcasting
 11537 | D:8      | Noticed Psyche
 11548 | D:8      | Paralysed by Psyche for 1 turns
 11549 | D:8      | Killed Psyche
 12134 | D:8      | Reached * piety under Vehumet
 12134 | D:8      | Offered knowledge of Sandblast by Vehumet.
 12697 | D:5      | HP: 4/92 [gargoyle/stone arrow (18)]
 13017 | D:3      | Bought 2 potions of curing for 84 gold pieces
 13017 | D:3      | Bought a potion of heal wounds for 70 gold pieces
 13017 | D:3      | Bought a potion of heal wounds for 70 gold pieces
 13017 | D:3      | Bought a potion of berserk rage for 70 gold pieces
 13017 | D:3      | Bought a potion of resistance for 140 gold pieces
 13017 | D:3      | Bought a potion of invisibility for 112 gold pieces
 13017 | D:3      | Bought a potion of magic for 112 gold pieces
 13237 | D:10     | Entered Level 10 of the Dungeon
 13501 | D:10     | Learned a level 5 spell: Freezing Cloud
 13724 | D:10     | Reached skill level 10 in Spellcasting
 13952 | D:10     | Reached XP level 11. HP: 82/100 MP: 13/25
 14329 | D:9      | Reached ** piety under Vehumet
 14329 | D:9      | Offered knowledge of Static Discharge by Vehumet.
 14479 | D:9      | Noticed a manticore
 14493 | D:9      | Killed a manticore
 15046 | D:10     | Found a staircase to the Lair.
 15391 | D:11     | Found a broken altar of Ashenzari.
 15449 | D:11     | Noticed a tengu warrior
 15481 | D:11     | Killed a tengu warrior
 15561 | D:11     | Reached skill level 5 in Fighting
 15717 | D:11     | Offered knowledge of Momentum Strike by Vehumet.
 16236 | Lair:1   | Entered Level 1 of the Lair of Beasts
 16242 | Lair:1   | Learned a level 4 spell: Fulminant Prism
 16257 | Lair:1   | Noticed Amaemon
 16266 | Lair:1   | Killed Amaemon
 16267 | Lair:1   | Reached skill level 5 in Maces & Flails
 16460 | Lair:1   | Reached skill level 5 in Dodging
 16463 | Lair:1   | Reached *** piety under Vehumet
 16591 | Lair:1   | Reached XP level 12. HP: 87/114 MP: 23/26
 16794 | Lair:1   | Offered knowledge of Inner Flame by Vehumet.
 16801 | Lair:1   | Learned a level 3 spell: Inner Flame
 16916 | Lair:1   | HP: 5/115 [wolf spider (12)]
 16916 | Lair:1   | Mangled by a wolf spider

Illustrated notes

Levels and vault maps discovered:
D:1:      evilmike_arrival_hilbert_curve, layout_loops_ring,
          grunt_decor_one_mirror, serial_bayou_pond_e,
          chequers_serial_rivers_micro_e, nrook_uturn
D:2:      layout_rooms, serial_shops, nicolae_shop_tiny_glass,
          serial_corexii_hall, chequers_hall_statues_y, corexii_hall_statues_x,
          corexii_hall_statues_i, chequers_hall_statues_wall_a,
          corexii_hall_statues_x, chequers_hall_statues_wall_a,
          minmay_randomly_rotated_circles
D:3:      layout_basic, serial_shops, shop
D:4:      layout_loops_ring, fedhas_ov_isle_minmay, corexii_corridor_pit,
          nicolae_shop_firing_range
D:5:      layout_loops_cross, enter_ossuary_4, minmay_crystal_room,
          kennysheep_nub
D:6:      layout_cave_pools, mainiacjoe_sewer_entry_somewhere_in_here_2,
          uniq_maggie, uniq_menkaure
D:7:      layout_loops_ring, minmay_temple_entry_poolview, ebering_ghost_gozag,
          uniq_pikel
D:8:      layout_loops_corners, nemelex_diamond_rough_becter, minmay_nine_imps,
          uniq_psyche
D:9:      layout_basic
D:10:     layout_basic, dpeg_lair_monsters, chequers_serial_rivers_micro_c
D:11:     layout_irregular_city, cheibrodos_ashenzari_chains
Temple:   nicolae_temple_slightly_damp_pantheon
Lair:1:   layout_roguey [special_room_bee], nicolae_lair_run_with_the_wolves,
          serial_bayou_shore_a, uniq_amaemon

Skill      XL: |  1  2  3  4  5  6  7  8  9 10 11 12 |
---------------+-------------------------------------+-----
Conjurations   | 1 2 3 4 6 8 9 |  9.7
Summonings     | 1 2 3 4 |  4.0
Spellcasting   | 4 5 6 8 10 | 10.9
Translocations | 1 2 |  2.0
Alchemy        | 1 2 3 |  3.2
Air Magic      | 1 2 3 4 |  4.8
Fighting       | 4 6 |  6.6
Maces & Flails | 4 5 |  5.7
Dodging        | 2 4 5 |  5.4
Ice Magic      | 4 |  4.0
Stealth        | |  1.4

Action                     |  1- 3 |  4- 6 |  7- 9 | 10-12 || total
---------------------------+-------+-------+-------+-------++-------
  Melee: Unarmed           |     4 |       |       |       ||     4
         Headbutt          |     1 |     4 |    18 |    55 ||    78
         Club              |    12 |    11 |       |       ||    23
         Giant club        |       |    11 |    75 |   258 ||   344
   Cast: Magic Dart        |    99 |   111 |   141 |    84 ||   435
         Call Imp          |     7 |    27 |    36 |    13 ||    83
         Mephitic Cloud    |       |     4 |    31 |    58 ||    93
         Blink             |       |     1 |     1 |     7 ||     9
         Searing Ray       |       |       |    19 |    22 ||    41
         Freezing Cloud    |       |       |       |    18 ||    18
         Fulminant Prism   |       |       |       |     2 ||     2
    Use: Scroll            |       |     8 |     6 |     6 ||    20
         Potion            |       |     1 |     1 |     6 ||     8
   Stab: Confused          |       |       |     6 |    16 ||    22
 Armour: Skin              |    28 |    51 |   102 |   305 ||   486
  Dodge: Dodged            |    23 |    25 |    57 |   135 ||   240

Table legend: (Time is in decaauts)
 A = Elapsed time spent in this place.
 B = Non-inter-level travel time spent in this place.
 C = Inter-level travel time spent in this place.
 D = Time resting spent in this place.
 E = Time spent auto-exploring this place.
 F = Levels seen in this place.
 G = Mean time per level.
                   A        B        C        D        E       F      G
               +--------+--------+--------+--------+--------+-----+--------+
         Total |  17078 |  16086 |    992 |    875 |  11556 |  14 | 1219.9 |
       Dungeon |  15416 |  14452 |    964 |    846 |  10463 |  11 | 1401.5 |
        Temple |     28 |      1 |     27 |      0 |      0 |   1 |   28.0 |
          Lair |    694 |    694 |      0 |     29 |    464 |   1 |  694.0 |
         Sewer |    939 |    939 |      0 |      0 |    629 |   1 |  939.0 |
               +--------+--------+--------+--------+--------+-----+--------+

Top non-repeatable levels by time:
     D:5: 2197 daAuts
     D:4: 1934 daAuts
     D:8: 1644 daAuts
     D:2: 1447 daAuts
     D:1: 1394 daAuts
     D:7: 1237 daAuts
     D:3: 1224 daAuts
     D:9: 1201 daAuts
    D:10: 1168 daAuts
     D:6: 1084 daAuts
   Sewer: 939 daAuts
    D:11: 880 daAuts
  Lair:1: 694 daAuts
  Temple: 28 daAuts
